 Dungeon Crawl Stone Soup version 0.30-a0-279-g4b46babb21 (webtiles) character file.

Game seed: 10117342968082008783

4 diana the Trooper (level 1, 24/24 HPs)
             Began as an Ogre Cinder Acolyte on Oct 16, 2022.
             Was a High Priest of Ignis.
             Quit the game on level 1 of the Dungeon.
             The game lasted 00:00:39 (55 turns).

diana the Trooper (Ogre Cinder Acolyte)               Turns: 55, Time: 00:00:40

Health: 24/24      AC:  3    Str: 17    XL:     1   Next: 60%
Magic:  2/2        EV:  9    Int: 15    God:    Ignis [*****.]
Gold:   0          SH:  0    Dex:  4    Spells: 2/2 levels left

rFire   + . .      SeeInvis .    a - -1 hand axe (flame)
rCold   . . .      Faith    .    (no shield)
rNeg    . . .      Spirit   .    b - +0 robe
rPois   .          Reflect  .    (helmet restricted)
rElec   .          Harm     .    (no cloak)
rCorr   .          Rampage  .    (gloves unavailable)
Will    .....                    (boots unavailable)
Stlth   +.........               (no amulet)
HPRegen 0.24/turn                (no ring)
MPRegen 0.08/turn                (no ring)

@: no status effects
A: large, unfitting armour, tough skin 1
a: Renounce Religion, Fiery Armour, Foxfire Swarm, Rising Flame


You were on level 1 of the Dungeon.
You worshipped Ignis.
Ignis was extremely pleased with you.
You visited 1 branch of the dungeon, and saw 1 of its levels.

Inventory:

Hand Weapons
 a - a -1 hand axe of flaming (weapon)
Armour
 b - a +0 robe (worn)


   Skills:
 + Level 4.1 Fighting
 + Level 3.0 Axes
 + Level 0.2 Armour
 + Level 0.2 Dodging
 - Level 1.2 Spellcasting
 - Level 2.6 Fire Magic


You had 2 spell levels left.
You didn't know any spells.
Your spell library contained the following spells:

 Spells                   Type           Power      Damage    Failure   Level
 Scorch                   Fire           16%        2d5       12%         2


Dungeon Overview and Level Annotations

Branches:
Dungeon (1/15)

Altars:


Innate Abilities, Weirdness & Mutations

You are too large for most types of armour.
You have tough skin. (AC +1)


Message History

Welcome, diana the Ogre Cinder Acolyte.
A smirking vizier told you that the Orb of Zot is just within this dungeon.
The flames of Ignis gently warm you.
Press ? for a list of commands and other information.
Found a square cabochon amulet and a granite ring.
Found a staircase leading out of the dungeon.
You open the door.
There is an open door here.
A goblin comes into view. It is wielding a +0 club.
Found a club.
A goblin comes into view. It is wielding a +0 club.
An endoplasm comes into view.
The endoplasm quivers.
The goblin hits you with a +0 club.
You closely miss the goblin. The goblin hits you with a +0 club.
You hit the goblin. You burn the goblin.
The goblin is severely wounded.
The goblin hits you with a +0 club.
You hit the goblin. You burn the goblin.
You kill the goblin!
You hit the goblin. You burn the goblin.
You kill the goblin!
Found 11 gold pieces.
Things that are here:
a +0 club; a goblin corpse You hit the endoplasm.
You burn the endoplasm.
You kill the endoplasm!
No target in view!
No target in view!
HP restored.
A giant cockroach comes into view.
You see here a +0 club.
You barely miss the giant cockroach.
The giant cockroach bites you but does no damage.
You completely miss the giant cockroach.
The giant cockroach barely misses you.
Are you sure you want to abandon this character and quit the game? (Confirm with "yes".)

.##.#
###....###
#........#
##$.......#
.........#
#.###........#
#.#...B......#
#.#.#.@......#
#............#
###...........#
#....#.)......#
#.#....)......#
#...#.#########
#..# #..## #..
##..###### #
##.##...#######


You could see a giant cockroach.

Vanquished Creatures
  An endoplasm (D:1)
  2 goblins (D:1)
3 creatures vanquished.

Notes
Turn   | Place    | Note
-------+----------+-------------------------------------------
     0 | D:1      | diana the Ogre Cinder Acolyte began the quest for the Orb.
     0 | D:1      | Reached XP level 1. HP: 24/24 MP: 2/2
    55 | D:1      | Quit the game

Illustrated notes

Levels and vault maps discovered:
D:1:      dpeg_arrival_rooms_with_view, layout_rooms

Action                   || total
-------------------------++-------
Melee: Hand axe          ||     6
Armor: Robe              ||     1
Dodge: Dodged            ||     1

Table legend: (Time is in decaauts)
 A = Elapsed time spent in this place.
 B = Non-inter-level travel time spent in this place.
 C = Inter-level travel time spent in this place.
 D = Time resting spent in this place.
 E = Time spent auto-exploring this place.
 F = Levels seen in this place.
 G = Mean time per level.
                   A        B        C        D        E       F      G
               +--------+--------+--------+--------+--------+-----+--------+
         Total |     55 |     55 |      0 |      0 |     42 |   1 |   55.0 |
       Dungeon |     55 |     55 |      0 |      0 |     42 |   1 |   55.0 |
               +--------+--------+--------+--------+--------+-----+--------+

Top non-repeatable levels by time:
     D:1: 55 daAuts
